 Dungeon Crawl Stone Soup version 0.16.1-14-g82efdee (webtiles) character file.

3875 jacksonaction the Blocker (level 10, 0/77 HPs)
             Began as a Minotaur Fighter on Apr 14, 2015.
             Killed by divine providence
             ... invoked by an orc priest
              (13 damage)
             ... on level 8 of the Dungeon.
             The game lasted 00:36:11 (7569 turns).

jacksonaction the Blocker (Minotaur Fighter)        Turns: 7569, Time: 00:36:11

Health: 0/77       AC: 17    Str: 25    XL:     10   Next: 0%
Magic:  4/4        EV: 10    Int: 11    God:
Gold:   518        SH: 12    Dex:  9    Spells: 0 memorised, 9 levels left

rFire  . . .     SeeInvis +     a - +0 long sword
rCold  . . .     Clarity  .     A - +4 chain mail
rNeg   . . .     SustAb   .     c - +0 shield
rPois  .         Gourm    .     (helmet restricted)
rElec  .         Spirit   .     D - +1 cloak {MR+}
rCorr  +         Warding  .     (no gloves)
rMut   .         Stasis   .     (no boots)
MR     +....                    y - amulet of resist corrosion
Stlth  ..........               v - +6 ring of intelligence
                                f - ring of see invisible

@: somewhat resistant to hostile enchantments, extremely unstealthy
A: retaliatory headbutt, horns 2
a: no special abilities


You were on level 8 of the Dungeon.
You were not hungry.

You visited 2 branches of the dungeon, and saw 9 of its levels.

You collected 518 gold pieces.

Inventory:

Hand weapons
 a - a +0 long sword (weapon)
 C - a +0 blowgun
 N - a +2 whip of flaming
Missiles
 l - 39 stones
 q - 3 tomahawks (quivered)
 w - 22 poisoned needles
Armour
 c - a +0 shield (worn)
 A - a +4 chain mail (worn)
 D - a +1 cloak of magic resistance (worn)
Jewellery
 f - a ring of see invisible (left hand)
 h - an uncursed ring of flight
 v - a +6 ring of intelligence (right hand)
 y - an amulet of resist corrosion (around neck)
 G - an uncursed amulet of resist mutation
Magical devices
 b - a wand of fireball (4)
 I - a wand of fireball (5)
 L - a wand of magic darts (9)
Scrolls
 g - a scroll of fog {unknown}
 j - a scroll of amnesia {unknown}
 n - 6 scrolls of identify
 x - 3 scrolls of teleportation {unknown}
 B - 2 scrolls of remove curse
 E - 3 scrolls of enchant weapon {unknown}
 J - 2 scrolls of recharging {unknown}
Potions
 e - 3 potions of might
 i - 2 potions of agility {unknown}
 k - 3 potions of restore abilities {unknown}
 o - a potion of invisibility {unknown}
 p - a potion of cure mutation {unknown}
 r - a potion of magic {unknown}
 s - 2 potions of berserk rage {unknown}
 t - 2 potions of heal wounds {unknown}
 u - 3 potions of brilliance {unknown}
 F - a potion of curing {unknown}
 H - a potion of poison {unknown}
 M - a potion of beneficial mutation {unknown}
 O - 2 potions of cancellation {unknown}
 P - a potion of mutation {unknown}
Books
 K - a book of Hinderance

   Spells                             Type                      Level
   a - Confusing Touch                Hexes                        2
   b - Confuse                        Hexes                        3
   c - Petrify                        Transmutation/Earth          4
   d - Metabolic Englaciation         Hexes/Ice                    5
   e - Gell's Gravitas                Hexes/Translocation          5
   f - Summon Mana Viper              Hexes/Summoning              5
Comestibles
 d - 8 bread rations
 m - 3 meat rations
 z - 3 fruits


   Skills:
 - Level 3.6 Fighting
 - Level 8.1 Long Blades
 - Level 0.5 Maces & Flails
 + Level 8.8 Armour
 + Level 6.7 Dodging
 + Level 11.1 Shields


You had 9 spell levels left.
You didn't know any spells.

Dungeon Overview and Level Annotations

Branches:
Dungeon (8/15)             Temple (1/1) D:7
   Lair: D:8-11

Altars:
Ashenzari
Cheibriados
Dithmenos
Fedhas
Gozag
Kikubaaqudgha
Makhleb
Okawaru
Qazlal
Ru
Sif Muna
Trog
Vehumet
Xom
Yredelemnul
Zin
The Shining One

Annotations:
D:4 Jessica


Innate Abilities, Weirdness & Mutations

You reflexively headbutt those who attack you in melee.
You have a pair of horns on your head.


Message History

You easily resist.
The orc priest hits you but does no damage.
The orc closely misses you.
You closely miss the orc priest.
The orc priest is severely wounded.
You block the orc priest's attack. The orc barely misses you.
The orc priest barely misses you.
You slash the orc priest!
You kill the orc priest!
You have reached level 10!
You block the orc priest's attack. The orc hits you but does no damage.
You closely miss the orc priest. You block the orc priest's attack.
The orc priest hits you but does no damage.
The orc hits you but does no damage.
You hit the orc priest but do no damage.
The orc priest becomes somewhat translucent.
The orc hits you but does no damage.
The orc priest calls down the wrath of Beogh upon you.
Something smites you!
You die...

#.. ..... '...#. ..... #...'
+#### .. #...#... ..... .#
#'##+###...#..... ..... .+ ......
'....#...... #..... .# .......
#.o..'.......'..... .# ......
#)oo.#.......#..... .#+##.
#...####@###.......###..#
....#..##...#..........##'####..#
............#..........#........#
....#.......'..........'........#
....#..##...#..........#........'
....# #...#........(.#....##..#
....# #...#.....###)##....##..#
)...# .....#.....#.)(.#.........
....+ .#....#.....#....'.........


You could see 2 orc priests and an orc.

Vanquished Creatures
  Pikel (D:7)
  A steam dragon (D:7)
  A spriggan (D:8)
  A water moccasin (D:6)
  A sky beast (D:6)
  A phantom (D:6)
  3 ogres
  4 centaurs
  A giant frog (D:6)
  3 scorpions
  The ghost of Caseus the Skirmisher, a weakling HOAK of Lugonu (D:3)
  5 wights (D:6)
  2 vampire bats (D:6)
  A goliath beetle (D:3)
  A centaur zombie (D:5)
  3 hounds
  2 crimson imps
  3 jellies
  Crazy Yiuf (D:4)
  8 orc priests
  10 worker ants
  3 iguanas
  Natasha (thrice) (D:3)
  11 orc wizards
  Ijyb (D:6)
  A worker ant zombie (D:5)
  4 gnolls (D:8)
  12 adders
  3 giant mites
  2 worms
  An adder skeleton (D:3)
  6 giant geckos
  5 oozes
  39 orcs
  13 bats
  4 bat skeletons (D:6)
  3 bat zombies (D:6)
  9 giant cockroaches
  11 goblins
  16 hobgoblins
  13 jackals
  2 quokkas (D:3)
  A giant gecko skeleton (D:4)
  A giant gecko zombie (D:8)
  5 giant newts
  A giant spore (D:8)
  15 kobolds
  A quokka skeleton (D:4)
  9 rats
  11 ballistomycetes
260 creatures vanquished.

Vanquished Creatures (others)
  A phantom (D:7)
  4 slaves (D:7)
  A crimson imp (D:7)
  A hound (D:7)
  2 giant geckos (D:7)
  A giant spore (D:7)
10 creatures vanquished.

Grand Total: 270 creatures vanquished

Notes
Turn   | Place    | Note
--------------------------------------------------------------
     0 | D:1      | jacksonaction, the Minotaur Fighter, began the quest for the Orb.
     0 | D:1      | Reached XP level 1. HP: 19/19 MP: 1/1
   323 | D:1      | Reached XP level 2. HP: 26/26 MP: 1/1
   438 | D:1      | Reached skill level 4 in Long Blades
   502 | D:1      | Reached XP level 3. HP: 29/31 MP: 2/2
   894 | D:2      | Reached skill level 5 in Long Blades
   902 | D:2      | Found a shattered altar of Ashenzari.
   933 | D:2      | Reached XP level 4. HP: 20/39 MP: 2/2
  1291 | D:2      | Found a shadowy altar of Dithmenos.
  1596 | D:3      | Reached skill level 6 in Long Blades
  1902 | D:3      | Found a sacrificial altar of Ru.
  1919 | D:3      | Noticed Natasha
  1924 | D:3      | Killed Natasha
  1924 | D:3      | Reached XP level 5. HP: 33/45 MP: 2/2
  2022 | D:3      | Noticed Natasha
  2025 | D:3      | Killed Natasha
  2088 | D:3      | Noticed Caseus' ghost (weakling HOAK)
  2099 | D:3      | Killed Caseus' ghost
  2099 | D:3      | Reached skill level 7 in Long Blades
  2190 | D:3      | Reached XP level 6. HP: 30/51 MP: 3/3
  2344 | D:3      | Reached skill level 8 in Long Blades
  2664 | D:3      | Noticed Natasha
  2668 | D:3      | Killed Natasha
  2860 | D:4      | Reached skill level 1 in Dodging
  2865 | D:4      | Reached XP level 7. HP: 49/57 MP: 3/3
  2945 | D:4      | Got a bloodstained ring mail
  2956 | D:4      | Identified the cursed -1 ring mail of the Albatross {-Cast +Inv Dex+4} (You found it on level 4 of the Dungeon)
  3223 | D:4      | Found a glowing golden altar of the Shining One.
  3358 | D:4      | Noticed Crazy Yiuf
  3367 | D:4      | Killed Crazy Yiuf
  3492 | D:4      | Noticed Jessica
  3499 | D:4      | Found a deep blue altar of Sif Muna.
  3563 | D:5      | Entered Level 5 of the Dungeon
  3636 | D:5      | Reached skill level 5 in Shields
  3723 | D:5      | Found a basalt altar of Yredelemnul.
  3737 | D:5      | Reached skill level 5 in Armour
  4250 | D:5      | Reached XP level 8. HP: 61/64 MP: 3/3
  4811 | D:6      | Reached skill level 5 in Dodging
  4916 | D:6      | Found an ancient bone altar of Kikubaaqudgha.
  4916 | D:6      | Noticed Ijyb
  4925 | D:6      | Killed Ijyb
  5270 | D:6      | Reached XP level 9. HP: 54/70 MP: 4/4
  5650 | D:7      | Noticed Pikel
  5669 | D:7      | Killed Pikel
  5669 | D:7      | Reached skill level 9 in Shields
  6044 | D:7      | Reached skill level 10 in Shields
  6330 | D:7      | Found a staircase to the Ecumenical Temple.
  6340 | Temple   | Entered the Ecumenical Temple
  7114 | D:8      | Reached skill level 11 in Shields
  7567 | D:8      | Reached XP level 10. HP: 12/77 MP: 4/4
  7569 | D:8      | Killed from afar by an orc priest

Action                   |  1- 3 |  4- 6 |  7- 9 | 10-12 || total
-------------------------+-------+-------+-------+-------++-------
Melee: Long sword        |    93 |   230 |   533 |     2 ||   858
       Whip              |       |       |    30 |       ||    30
Throw: Stone             |       |    52 |    12 |       ||    64
       Tomahawk          |       |     2 |    49 |       ||    51
  Use: Scroll            |       |       |     2 |       ||     2
  Eat: Chunk             |       |     7 |    16 |       ||    23
